 Dungeon Crawl Stone Soup version 0.27-a0-277-g024f7ef292 (webtiles) character file.

Game seed: 3233204490987702443

8 Borgoz the Skirmisher (level 2, 0/19 HPs)
             Began as a Gargoyle Berserker on Feb 5, 2021.
             Was a Follower of Trog.
             Slain by a jackal (3 damage)
             ... on level 1 of the Dungeon.
             The game lasted 00:00:21 (325 turns).

Borgoz the Skirmisher (Gargoyle Berserker)           Turns: 325, Time: 00:00:21

Health: 0/19       AC:  5    Str: 20    XL:     2   Next: 8%
Magic:  2/2        EV: 12    Int:  7    God:    Trog [*.....]
Gold:   18         SH:  0    Dex:  9    Spells: 1/1 levels left

rFire    . . .     SeeInvis .   a - +0 mace
rCold    . . .     Faith    .   (no shield)
rNeg     + . .     Spirit   .   b - +0 animal skin
rPois    ∞         Reflect  .   (no helmet)
rElec    +         Harm     .   (no cloak)
rCorr    .         Rampage  .   (no gloves)
Will     .....                  (no boots)
Stlth    +.........             (no amulet)
HPRegen  0.06/turn              (no ring)
MPRegen  0.08/turn              (no ring)

@: berserk cooldown
A: negative energy resistance 1, electricity resistance, unbreathing,
petrification resistance, miasma immunity, AC +2
a: Renounce Religion, Berserk


You were on level 1 of the Dungeon.
You worshipped Trog.
Trog was aware of your devotion.
You visited 1 branch of the dungeon, and saw 1 of its levels.

You collected 18 gold pieces.

Inventory:

Hand Weapons
 a - a +0 mace (weapon)
Armour
 b - a +0 animal skin (worn)
Scrolls
 c - 2 scrolls of identify {unknown}


   Skills:
 + Level 3.4 Fighting
 + Level 3.1 Maces & Flails
 + Level 2.4 Armour
 + Level 1.7 Dodging


You had one spell level left.
You didn't know any spells.
Your spell library was empty.

Dungeon Overview and Level Annotations

Branches:
Dungeon (1/15)

Altars:


Innate Abilities, Weirdness & Mutations

You are resistant to torment.
Your stone body is resilient. (AC +2)
You are immune to poison.
You resist negative energy. (rN+)
You are resistant to electric shocks. (rElec)
You can survive without breathing.
You are immune to petrification.
You are immune to miasma.


Message History

The jackal bites you but does no damage.
The bat misses you. The jackal closely misses you.
You aren't carrying any potions.
You hit the jackal but do no damage. The bat hits you.
* * * LOW HITPOINT WARNING * * *
The jackal misses you. The jackal barely misses you.
The bat hits you but does no damage. The jackal closely misses you.
You barely miss the jackal.
You feel yourself speed up. The bat closely misses you.
The bat hits you but does no damage. The bat barely misses you.
The jackal bites you but does no damage.
The bat barely misses you. The jackal barely misses you.
You closely miss the jackal. The bat misses you. The jackal closely misses you.
The jackal bites you but does no damage.
You aren't carrying any potions.
You hit the jackal.
The jackal is severely wounded.
The bat barely misses you. The jackal bites you.
You die...

.## ......... ... #...
...# .. #!...... ...
...#.. ... .... >..#....#
.. ...... ##..
..#..##..... ...... #..#
#b..........
#.......##..# #@# .##....
#........#..###h# ..... .
...........#.gh###rg.....
#..#.....##.ggr.#.#.....
#...............w......
#.........†....)##.....
#......................
#.........>..##$..... .
#...........##...##...


You could see 2 jackals, a hobgoblin, 2 goblins, a bat and a rat.

Vanquished Creatures
  A leopard gecko (D:1)
  2 jackals (D:1)
  2 bats (D:1)
  A frilled lizard (D:1)
  A kobold (D:1)
7 creatures vanquished.

Notes
Turn   | Place    | Note
-------+----------+-------------------------------------------
     0 | D:1      | Borgoz the Gargoyle Berserker began the quest for the Orb.
     0 | D:1      | Reached XP level 1. HP: 14/14 MP: 1/1
   296 | D:1      | Reached XP level 2. HP: 19/19 MP: 2/2
   325 | D:1      | Slain by a jackal

Illustrated notes

Levels and vault maps discovered:
D:1:      lemuel_arrival_muddy, layout_rooms

Action                   || total
-------------------------++-------
Melee: Mace              ||    55
Invok: Berserk           ||     1
Armor: Animal skin       ||    45
Dodge: Dodged            ||    91

Table legend: (Time is in decaauts)
 A = Elapsed time spent in this place.
 B = Non-inter-level travel time spent in this place.
 C = Inter-level travel time spent in this place.
 D = Time resting spent in this place.
 E = Time spent auto-exploring this place.
 F = Levels seen in this place.
 G = Mean time per level.
                   A        B        C        D        E       F      G
               +--------+--------+--------+--------+--------+-----+--------+
         Total |    340 |    340 |      0 |      0 |    250 |   1 |  340.0 |
       Dungeon |    340 |    340 |      0 |      0 |    250 |   1 |  340.0 |
               +--------+--------+--------+--------+--------+-----+--------+

Top non-repeatable levels by time:
     D:1: 340 daAuts
